 Dungeon Crawl Stone Soup version 0.22.0-21-g8bd1b0a (webtiles) character file.

327152 Gorice the Tortoise (level 20, -3/131 HPs)
             Began as a Demonspawn Wanderer on Aug 18, 2018.
             Was the Champion of Makhleb.
             Slain by a large abomination (12 damage)
             ... on level 3 of the Abyss on Aug 19, 2018.
             The game lasted 06:04:39 (60080 turns).

Gorice the Tortoise (Demonspawn Wanderer)          Turns: 60080, Time: 06:04:39

Health: -3/131     AC: 26    Str: 19    XL:     20   Next: 77%
Magic:  0/32       EV: 12    Int: 17    God:    Makhleb [******]
Gold:   1571       SH:  6    Dex: 13    Spells: 21/31 levels left

rFire    + . .     SeeInvis .   a - +8 whip "Snakebite" {curare, rPois}
rCold    + . .     Gourm    .   b - +1 buckler {reflect}
rNeg     . . .     Faith    .   A - +2 plate armour {rF+}
rPois    +         Spirit   +   T - +1 helmet {Int+3}
rElec    .         Reflect  +   u - +1 cloak
rCorr    .         Harm     .   K - +1 pair of gloves of the Teacher {Int+6}
MR       ++...     Rnd*Tele +   (boots unavailable)
Stlth    ..........             n - amulet of guardian spirit
HPRegen  0.31/turn              p - +5 ring of slaying
MPRegen  0.23/turn              m - ring of protection from magic

@: hasted, very quick
A: talons 3, slimy green scales 3, [blurry vision 3], [clumsy 2], cold
resistance 1, [deformed body], demonic guardian 1, [deterioration 2], [dopey 2],
[frail 2], foul stench 2, [screaming 3], [teleportitis 2], rot immunity,
[subdued magic 3]
}: 2/15 runes: decaying, serpentine
a: Minor Destruction, Lesser Servant of Makhleb, Major Destruction, Greater
Servant of Makhleb, Renounce Religion


You were on level 3 of the Abyss.
You worshipped Makhleb.
Makhleb was exalted by your worship.
You were hungry.

You visited 7 branches of the dungeon, and saw 36 of its levels.
You visited the Abyss 1 time.
You also visited: Labyrinth, Ice Cave and Desolation.

You collected 4836 gold pieces.
You spent 3265 gold pieces at shops.

Inventory:

Hand Weapons
 a - the +8 whip "Snakebite" (weapon) {curare, rPois}
   (You bought it in a shop on level 2 of the Orcish Mines)

   It poisons the flesh of those it strikes.
   It protects you from poison.
 B - a +8 blowgun
 J - a +4 great mace
Missiles
 o - 19 javelins (quivered)
 O - 14 curare-tipped needles
 Z - 2 throwing nets
Armour
 b - a +1 buckler of reflection (worn)
   (You found it on level 2 of the Swamp)
 k - a +1 pair of gloves
 u - a +1 cloak (worn)
 A - a +2 plate armour of fire resistance (worn)
   (You took it off a vault guard on level 4 of the Vaults)
 K - the +1 pair of gloves of the Teacher (worn) {Int+6}
   (You found it on level 7 of the Dungeon)

   It affects your intelligence (+6).
 T - a +1 helmet of intelligence (worn)
   (You found it in the Desolation of Salt)
Jewellery
 e - an uncursed ring of positive energy
 f - an uncursed ring of protection from fire
 m - a ring of protection from magic (right hand)
 n - an amulet of guardian spirit (around neck)
 p - a +5 ring of slaying (left hand)
 C - an uncursed ring of resist corrosion
 F - an uncursed ring of flight
Wands
 s - a wand of disintegration (7)
 t - a wand of iceblast (32)
 v - a wand of clouds (11)
 w - a wand of scattershot (2)
 y - a wand of acid (3)
 M - a wand of digging (23)
 R - a wand of paralysis (25)
Scrolls
 c - a scroll of amnesia
 d - 13 scrolls of teleportation {!r}
 g - a scroll of enchant armour
 h - 13 scrolls of remove curse
 i - 12 scrolls of identify
 l - a scroll of magic mapping {!r}
 P - 2 scrolls of summoning {!r}
 Q - 4 scrolls of blinking
 S - 4 scrolls of fear {!r}
 X - 5 scrolls of fog
Potions
 j - 4 potions of curing
 r - a potion of resistance {!q}
 x - 4 potions of cancellation {!q}
 z - 5 potions of might {!q}
 D - 4 potions of flight
 E - a potion of invisibility {!q}
 H - 3 potions of agility {!q}
 L - a potion of heal wounds {!q}
 N - 2 potions of berserk rage
 Y - 5 potions of haste {!q}
Miscellaneous
 G - 2 boxes of beasts
Comestibles
 I - 50 rations


   Skills:
 - Level 16.0 Fighting
 - Level 14.0 Maces & Flails
   Level 1.0 Bows
 - Level 16.0 Armour
 - Level 12.0 Dodging
 - Level 1.0 Stealth
 - Level 4.0 Shields
 - Level 2.6 Unarmed Combat
 + Level 6.1 Spellcasting
 + Level 5.3 Hexes
 + Level 6.1 Charms
 + Level 7.4 Necromancy
 - Level 10.0 Translocations
 - Level 16.0 Invocations
 - Level 10.0 Evocations


You had 21 spell levels left.
You knew the following spells:

 Your Spells              Type           Power        Failure   Level  Hunger
s - Animate Skeleton      Necr           N/A          3%          1    None
w - Spectral Weapon       Hex/Chrm       ##......     26%         3    ##.....
A - Apportation           Tloc           ###...       1%          1    None
J - Blink                 Tloc           N/A          1%          2    None
R - Regeneration          Chrm/Necr      ##........   16%         3    ##.....

Your spell library contained the following spells:

 Spells                   Type           Power        Failure   Level  Hunger
 Shroud of Golubria       Chrm/Tloc      ###.......   4%          2    None
 Infusion                 Chrm           ##..         6%          1    None
 Confusing Touch          Hex            ##....       9%          1    None
 Song of Slaying          Chrm           ##......     11%         2    None
 Slow                     Hex            ##......     14%         2    None
 Magic Dart               Conj           #...         73%         1    None
 Summon Small Mammal      Summ           #...         73%         1    None
 Dazzling Spray           Conj/Hex       #.....       73%         3    ##.....
 Summon Guardian Golem    Hex/Summ       #.......     73%         3    ##.....
 Force Lance              Conj/Tloc      ##......     80%         4    ####...
 Call Imp                 Summ           #.......     86%         2    None
 Poisonous Vapours        Pois/Air       #.....       86%         2    None
 Searing Ray              Conj           #.....       86%         2    None
 Throw Frost              Conj/Ice       #.....       86%         2    None
 Call Canine Familiar     Summ           #.......     98%         3    ##.....
 Conjure Flame            Conj/Fire      #.......     98%         3    ##.....
 Mephitic Cloud           Conj/Pois/Air  #.......     98%         3    ##.....
 Fulminant Prism          Conj/Hex       #.........   98%         4    ####...
 Ice Form                 Ice/Tmut       #.......     100%        4    ####...
 Iskenderun's Mystic Bla  Conj           #.......     100%        4    ####...
 Summon Ice Beast         Ice/Summ       #.......     100%        4    ####...
 Summon Lightning Spire   Summ/Air       #.......     100%        4    ####...
 Metabolic Englaciation   Hex/Ice        #.........   100%        5    #####..
 Silence                  Hex/Air        #.........   100%        5    #####..
 Yara's Violent Unravell  Hex/Tmut       #.........   100%        5    #####..
 Bolt of Cold             Conj/Ice       #.........   100%        6    #######
 Conjure Ball Lightning   Conj/Air       #.........   100%        6    #######
 Deflect Missiles         Chrm/Air       #.........   100%        6    #######
 Freezing Cloud           Conj/Ice/Air   #.........   100%        6    #######
 Ozocubu's Refrigeration  Ice            #.........   100%        6    #######
 Simulacrum               Ice/Necr       #.........   100%        6    #######
 Dragon Form              Tmut           #.........   100%        7    #######
 Ring of Flames           Chrm/Fire      #.........   100%        7    #######
 Tornado                  Air            #.........   100%        9    #######


Dungeon Overview and Level Annotations

Branches:
Dungeon (15/15)            Temple (1/1) D:7            Lair (6/6) D:8
  Swamp (4/4) Lair:4        Snake (4/4) Lair:3        Slime (0/5) Lair:5
    Orc (2/2) D:9             Elf (0/3) Orc:2        Vaults (4/5) D:14
  Crypt (0/3) Vaults:2     Depths (0/5) D:15

Altars:
Ashenzari
Cheibriados
Dithmenos
Elyvilon
Fedhas
Gozag
Hepliaklqana
Kikubaaqudgha
Makhleb
Nemelex Xobeh
Okawaru
Qazlal
Ru
Sif Muna
Trog
Uskayaw
Vehumet
Wu Jian
Xom
Yredelemnul
Zin
The Shining One

Shops:
D:5 }   D:8 (   D:10 =   D:15 [[*?   Orc:2 %([*=   Snake:1 ?(=   Snake:3 :*:
Snake:4 [   Vaults:1 [

Annotations:
Vaults:2 Mara


Innate Abilities, Weirdness & Mutations

You have claws for feet.
You are completely covered in slimy green scales. (AC +4, rPois)
Your flesh is cold resistant. (rC+)
A weak demonic guardian rushes to your aid.
You frequently emit foul miasma when damaged in melee.
You are immune to rotting.
[Scrolls take you much longer to read.]
[You are very clumsy. (Dex -4)]
[Armour fits poorly on your strangely shaped body.]
[Your body often deteriorates upon taking damage.]
[You are very dopey. (Int -4)]
[You are very frail. (-20% HP)]
[You frequently scream uncontrollably at your foes.]
[You are sometimes teleported next to monsters.]
[Your spells are much easier to cast, but much less powerful.]


Message History

The thrashing horror seems to grow stronger.
The thrashing horror misses you.
The thrashing horror closely misses you.
The thrashing horror tramples you!
* * * LOW HITPOINT WARNING * * *
You hold your ground!
You emit a cloud of foul miasma!
You block the thrashing horror's attack.
A smoke demon comes into view.
The large abomination hits you!!
* * * LOW HITPOINT WARNING * * *
A large abomination comes into view.
The thrashing horror misses you.
The thrashing horror tramples you but does no damage.
The wretched star pulses with an eldritch light!
You feel clumsy. x2
Your smoke demon twists and deforms. x2
The thrashing horror tramples your smoke demon.
Your smoke demon is shoved backwards!
The thrashing horror tramples your smoke demon.
Your smoke demon holds its ground!
The thrashing horror tramples your smoke demon!
Your smoke demon holds its ground!
Your smoke demon hits the thrashing horror but does no damage.
Your smoke demon hits the thrashing horror.
Your smoke demon barely misses the thrashing horror.
Damage: 28 (max 28) Unknown command.
Unknown command.
Unknown command.
Unknown command.
Unknown command.
Unknown command.
Unknown command.
Unknown command.
Unknown command.
Unknown command.
Unknown command.
Unknown command.
A demon appears!
You block the thrashing horror's attack.
The thrashing horror tramples you but does no damage.
The thrashing horror closely misses you.
You block the thrashing horror's attack.
The large abomination closely misses your smoke demon.
The smoke demon gestures at you.
The ball of steam hits your smoke demon.
Your smoke demon resists.
Your smoke demon dies!
The large abomination hits you!
You die...

#§. § #####
§..##..##.. . #...
##§####.. #..# .
......####§§ #§ . ..
..
..3....#§§####..*....
. #. ...§§ §.....# ..
#
.##.3##..##5.##..##..#
.3.§.Y42*3X..........
. ..4..§§XXX*3...X. ..
. .##. ##X@##..##..#
..##. # #####.#
.#.#..#...# .## #..# .
##. # . . . # .#. . .
# # . ..


You could see 2 wretched stars, 3 thrashing horrors, 3 large abominations, a
hellwing, a smoke demon, a neqoxec, a sky beast, a white imp, a friendly
cacodemon and a friendly smoke demon.

Vanquished Creatures
  Margery (Vaults:2)
  Frederick (Vaults:2)
  Nikola (Vaults:1)
  Rupert (Lair:3)
  Asterion (Vaults:3)
  4 thorn hunters
  A sphinx (Vaults:3)
  A shadow dragon (Vaults:3)
  Agnes (D:15)
  6 nagarajas
  2 tengu reavers (Vaults:1)
  11 vault wardens
  A fire giant (Vaults:3)
  A frost giant (IceCv)
  An orc warlord (Orc:2)
  6 ironheart preservers
  2 stone giants
  An entropy weaver (Vaults:2)
  A minotaur (Lab)
  3 halazid warlocks (Desolation)
  A lorocyproca (Abyss:3)
  2 crystal guardians (Desolation)
  A green death (Abyss:3)
  2 fire dragons
  4 ragged hierophants (Desolation)
  A rakshasa (Abyss:3)
  10 servants of whispers (Desolation)
  13 yaktaur captains
  3 great orbs of eyes
  15 naga warriors
  Erica (D:9)
  15 hydras
  A merfolk avatar (Lair:6)
  7 vault guards
  9 ogre magi
  9 peacekeepers (Desolation)
  7 centaur warriors
  A ghost crab (Swamp:4)
  31 two-headed ogres
  An ice dragon (D:15)
  5 alligators
  2 tengu warriors
  11 anacondas
  4 death knights
  4 death yaks
  10 shock serpents
  9 naga sharpshooters
  5 thrashing horrors (Abyss:3)
  4 orc high priests
  5 deep elf knights
  Nergalle (D:11)
  Sonja (D:11)
  A wretched star (Abyss:3)
  5 hell knights
  7 salamander mystics
  4 skeletal warriors
  2 unseen horrors
  A glowing orange brain (Vaults:4)
  2 spriggan druids
  A sea snake (Lair:6)
  2 shambling mangroves
  10 swamp dragons
  20 ironbrand convokers
  2 wizards
  4 naga ritualists
  2 phantasmal warriors (Vaults:2)
  8 lindwurms
  A harpy (Vaults:3)
  A necromancer (Vaults:2)
  A shining eye (shapeshifter) (Vaults:3)
  11 orc knights
  8 cyclopes
  8 deep elf magi
  7 orc sorcerers
  11 mana vipers
  An orb spider (shapeshifter) (Vaults:2)
  3 oklob plants
  4 wolf spiders
  3 manticores
  6 salamanders
  17 ugly things
  10 vault sentinels
  13 elephants
  12 guardian serpents
  A smoke demon (Abyss:3)
  An ice statue (IceCv)
  18 naga magi
  34 black mambas
  3 orange demons
  13 spiny frogs
  3 molten gargoyles (Desolation)
  4 rime drakes
  An efreet (D:14)
  3 freezing wraiths
  26 yaktaurs
  8 kobold demonologists
  9 komodo dragons
  3 ancient zymes (Abyss:3)
  3 red devils (D:11)
  16 polar bears
  6 trolls
  16 hornets
  A raiju (Abyss:3)
  5 dream sheep (Lair:6)
  56 saltlings (Desolation)
  20 blink frogs
  A harpy skeleton (D:14)
  6 bog bodies
  A raiju (shapeshifter) (Vaults:1)
  25 slime creatures
  10 tyrant leeches
  9 hippogriffs
  A large abomination (Abyss:3)
  A tarantella (Vaults:2)
  4 shadows
  A redback (Vaults:2)
  A flying skull (Abyss:3)
  3 water elementals (D:15)
  52 yaks
  5 spriggans
  2 ynoxinuls (Abyss:3)
  6 hungry ghosts
  3 wyverns
  3 wraiths
  3 basilisks
  2 chaos spawn (Abyss:3)
  A human simulacrum (Vaults:2)
  8 vampire mosquitoes
  A yaktaur simulacrum (Vaults:3)
  Menkaure (D:6)
  5 wargs
  6 insubstantial wisps
  A naga (shapeshifter) (Vaults:3)
  22 swamp worms
  An acid dragon (Vaults:2)
  A floating eye (D:9)
  36 nagas
  16 water moccasins
  9 porcupines
  14 swamp drakes
  42 orc warriors
  2 sky beasts
  2 orc zombies (Vaults:2)
  10 ice beasts
  4 phantoms
  2 black bears
  A necrophage (D:12)
  A small abomination (Abyss:3)
  12 centaurs
  30 ogres
  28 wolves
  4 boggarts (Vaults:1)
  2 eyes of draining
  17 crocodiles
  A human skeleton (Vaults:2)
  5 big kobolds
  17 bullfrogs
  An elf simulacrum (Vaults:1)
  5 scorpions
  13 killer bees
  4 wights (D:10)
  A vampire bat (Orc:2)
  4 howler monkeys
  4 electric eels
  5 crimson imps
  2 centaur zombies
  4 lava snakes (Lab)
  8 centaur skeletons
  23 orc priests
  7 hounds
  11 jellies
  37 orc wizards
  7 iguanas
  7 worker ants
  A killer bee zombie (D:5)
  A hound zombie (D:11)
  2 hound skeletons
  A worker ant zombie (D:6)
  16 adders
  3 shadow imps
  8 oozes
  2 adder zombies
  An adder skeleton (D:6)
  2 worms (D:2)
  3 dart slugs
  8 leopard geckos
  99 orcs
  5 giant cockroaches
  4 goblins
  13 hobgoblins
  16 jackals
  5 quokkas
  A ball python (Snake:2)
  13 bats
  7 frilled lizards
  2 jackal skeletons
  11 kobolds
  A leopard gecko skeleton (D:4)
  A quokka skeleton (D:7)
  11 rats
  A pillar of salt (Vaults:1)
  A plant (Lair:6)
1503 creatures vanquished.

Vanquished Creatures (collateral kills)
  Snorg (Lair:3)
  A naga warrior (Snake:3)
  A ragged hierophant (Desolation)
  A peacekeeper (Desolation)
  A hydra (Lair:1)
  An ice dragon (Vaults:1)
  An alligator (Swamp:3)
  A naga sharpshooter (Snake:4)
  An orc high priest (Orc:2)
  2 shock serpents (Snake:1)
  A deep elf knight (Vaults:4)
  A naga ritualist (Snake:3)
  A lindwurm (Snake:4)
  A shambling mangrove (Swamp:1)
  An ugly thing (Vaults:3)
  A salamander (Snake:2)
  An oklob plant (Lair:1)
  An orc sorcerer (Orc:2)
  A guardian serpent (Desolation)
  2 spiny frogs
  An orange demon (D:11)
  3 komodo dragons
  6 saltlings (Desolation)
  A hornet (Lair:4)
  3 slime creatures
  A redback (Orc:2)
  2 yaks
  A naga (Snake:2)
  A water moccasin (Lair:3)
  A warg (Orc:1)
  3 orc warriors (Orc:2)
  2 wolves
  2 bullfrogs
  A killer bee (D:6)
  2 orc priests (Orc:2)
  A hound (D:11)
  2 orc wizards (Orc:2)
  11 orcs
  4 kobolds (D:14)
  2 plants (Lair:1)
72 creatures vanquished.

Vanquished Creatures (others)
  A hydra (Swamp:4)
  A mana viper (Snake:4)
  A black mamba (Snake:1)
  2 naga magi
  A hydra skeleton (Abyss:3)
  A saltling (Desolation)
  A black mamba zombie (Abyss:3)
  A water elemental (D:13)
  2 yaks (IceCv)
  A ynoxinul (Abyss:3)
  A large abomination (Abyss:3)
  2 wolves (IceCv)
  A boggart (Vaults:1)
  A small abomination (Abyss:3)
  An electric eel (D:13)
  An orc priest (Vaults:1)
  A ball lightning (Vaults:3)
  A worm (D:2)
  An orc (Orc:1)
  A jackal (D:2)
  5 briar patches
  7 fungi
  A lurking horror (Abyss:3)
  10 pillars of salt (Vaults:1)
  20 plants
66 creatures vanquished.

Grand Total: 1641 creatures vanquished

Notes
Turn   | Place    | Note
-------+----------+-------------------------------------------
     0 | D:1      | Gorice the Demonspawn Wanderer began the quest for the Orb.
     0 | D:1      | Gorice set off with: a +0 shield, a scroll of teleportation {!r}, a potion of lignification {!q}, a +0 robe, a +0 dagger, a ration
     0 | D:1      | Reached XP level 1. HP: 18/18 MP: 1/1
    77 | D:1      | HP: 5/18 [hobgoblin/club (1)]
    83 | D:1      | HP: 1/18 [hobgoblin/club (5)]
   433 | D:1      | HP: 4/18 [hobgoblin/club (4)]
   438 | D:1      | HP: 2/18 [hobgoblin/club (2)]
   441 | D:1      | Gained mutation: You are partially covered in slimy green scales. (AC +2) [demonic ancestry]
   441 | D:1      | Reached XP level 2. HP: 3/24 MP: 2/2
  1414 | D:1      | Reached skill level 4 in Fighting
  1588 | D:1      | Reached XP level 3. HP: 26/30 MP: 3/3
  2095 | D:2      | HP: 9/30 [poisoned by an adder]
  2102 | D:2      | HP: 8/30 [poisoned by an adder]
  2110 | D:2      | HP: 7/30 [poisoned by an adder]
  2614 | D:2      | HP: 7/31 [worm (7)]
  2903 | D:2      | Reached skill level 2 in Armour
  2983 | D:2      | Reached XP level 4. HP: 35/38 MP: 4/4
  4646 | D:4      | Gained mutation: You are immune to rotting. [demonic ancestry]
  4646 | D:4      | Reached XP level 5. HP: 25/43 MP: 3/5
  4873 | D:4      | Found a deep blue altar of Sif Muna.
  5081 | D:4      | Reached skill level 1 in Maces & Flails
  5127 | D:4      | Found a deep blue altar of Sif Muna.
  5299 | D:5      | Entered Level 5 of the Dungeon
  5409 | D:5      | Found Sesaak's Gadget Shoppe.
  5485 | D:5      | Reached skill level 3 in Armour
  5518 | D:5      | Reached skill level 2 in Maces & Flails
  5519 | D:5      | Noticed a centaur
  5553 | D:5      | Killed a centaur
  5553 | D:5      | Reached XP level 6. HP: 33/50 MP: 6/6
  5689 | D:5      | Reached skill level 3 in Maces & Flails
  6107 | D:6      | Reached skill level 4 in Maces & Flails
  6107 | D:6      | Reached XP level 7. HP: 52/55 MP: 7/7
  6150 | D:6      | Reached skill level 4 in Armour
  6381 | D:6      | Reached skill level 5 in Maces & Flails
  6682 | D:6      | Reached XP level 8. HP: 36/61 MP: 4/8
  6714 | D:6      | Reached skill level 5 in Armour
  6733 | D:6      | Reached skill level 6 in Maces & Flails
  6758 | D:6      | HP: 16/61 [orc wizard/puff of flame (8)]
  6770 | D:6      | HP: 13/61 [bullfrog (5)]
  7132 | D:6      | Found a glowing golden altar of the Shining One.
  7415 | D:6      | Noticed Menkaure
  7449 | D:6      | Killed Menkaure
  7626 | D:6      | Reached skill level 7 in Maces & Flails
  7738 | D:7      | Found a staircase to the Ecumenical Temple.
  7755 | Temple   | Entered the Ecumenical Temple
  7854 | Temple   | Became a worshipper of Makhleb the Destroyer
  8040 | D:7      | Reached skill level 6 in Armour
  8667 | D:7      | Gained mutation: You are mostly covered in slimy green scales. (AC +3) [demonic ancestry]
  8667 | D:7      | Reached XP level 9. HP: 67/67 MP: 9/9
  8681 | D:7      | Reached skill level 8 in Maces & Flails
  8993 | D:7      | Got a pair of shimmering gloves
  8994 | D:7      | Identified the +1 pair of gloves of the Teacher {Int+6} (You found it on level 7 of the Dungeon)
  9222 | D:8      | Reached * piety under Makhleb
  9519 | D:8      | Noticed a two-headed ogre
  9538 | D:8      | Killed a two-headed ogre
  9538 | D:8      | Reached skill level 9 in Maces & Flails
  9538 | D:8      | Reached skill level 7 in Armour
  9789 | D:8      | Found a staircase to the Lair.
  9847 | D:8      | HP: 20/67 [poisoned by a killer bee]
  9852 | D:7      | HP: 19/67 [poisoned by a killer bee]
  9859 | D:7      | HP: 19/67 [poisoned by a killer bee]
  9867 | D:7      | HP: 18/67 [poisoned by a killer bee]
 10174 | D:7      | Reached skill level 10 in Maces & Flails
 10176 | D:7      | Paralysed by fainting for 9 turns
 10239 | D:8      | Found Xasist Jeka's Weapon Boutique.
 10247 | D:8      | Bought a +0 dire flail for 48 gold pieces
 10277 | D:8      | Gained mutation: A weak demonic guardian rushes to your aid. [demonic ancestry]
 10277 | D:8      | Reached XP level 10. HP: 51/73 MP: 7/10
 10475 | D:8      | Reached ** piety under Makhleb
 10820 | D:8      | Reached skill level 8 in Armour
 11004 | Lair:1   | Entered Level 1 of the Lair of Beasts
 11048 | Lair:1   | Noticed a four-headed hydra
 11068 | Lair:1   | HP: 15/73 [four-headed hydra (9)]
 11073 | Lair:1   | Killed a four-headed hydra
 11073 | Lair:1   | Reached skill level 11 in Maces & Flails
 11522 | Lair:1   | Reached skill level 5 in Fighting
 11542 | Lair:1   | HP: 19/74 [komodo dragon (16)]
 12156 | Lair:1   | Reached skill level 9 in Armour
 12190 | Lair:1   | Noticed an oklob plant
 12190 | Lair:1   | Noticed an oklob plant
 12390 | Lair:1   | Noticed a five-headed hydra
 12568 | D:9      | Found a staircase to the Orcish Mines.
 12777 | D:9      | Gained mutation: You may emit foul miasma when damaged in melee. [demonic ancestry]
 12777 | D:9      | Reached XP level 11. HP: 79/81 MP: 11/11
 12796 | D:9      | Reached skill level 6 in Fighting
 12855 | D:9      | Reached *** piety under Makhleb
 12983 | D:9      | Reached skill level 1 in Invocations
 13216 | D:9      | Noticed Erica
 13238 | D:9      | Killed Erica
 13238 | D:9      | Reached skill level 2 in Invocations
 13599 | Orc:1    | Entered Level 1 of the Orcish Mines
 13604 | Orc:1    | Noticed an orc sorcerer
 13709 | Orc:1    | Killed an orc sorcerer
 13709 | Orc:1    | Reached skill level 3 in Invocations
 13779 | Orc:1    | Noticed an orc knight
 13785 | D:9      | HP: 13/83 [orc warrior/dire flail (17)]
 14297 | D:9      | an orc knight changed into a floating eye
 14300 | D:9      | Reached skill level 12 in Maces & Flails
 14544 | Orc:1    | Noticed an orc high priest
 14605 | D:9      | Killed an orc high priest
 14605 | D:9      | Reached skill level 7 in Fighting
 14605 | D:9      | Reached skill level 4 in Invocations
 14657 | Orc:1    | Noticed an orc sorcerer
 14658 | Orc:1    | Noticed a sun demon
 14658 | Orc:1    | Noticed an orc sorcerer
 14967 | Orc:1    | Killed an orc sorcerer
 15048 | Orc:1    | Killed an orc sorcerer
 15119 | Orc:1    | Reached skill level 5 in Invocations
 15202 | Orc:1    | Reached skill level 10 in Armour
 15255 | Orc:2    | Entered Level 2 of the Orcish Mines
 15255 | Orc:2    | Found Uzusim's Food Shoppe.
 15264 | Orc:2    | Reached **** piety under Makhleb
 15281 | Orc:2    | Noticed an orc high priest
 15310 | Orc:1    | Killed an orc high priest
 15707 | Orc:2    | Found a staircase to the Elven Halls.
 16146 | Orc:2    | HP: 25/86 [orc warrior/glaive (12)]
 16189 | Orc:2    | Noticed an orc high priest
 16189 | Orc:2    | Noticed an orc sorcerer
 16211 | Orc:2    | HP: 24/86 [orange demon[an orc high priest] (6)]
 16221 | Orc:2    | Killed an orc high priest
 16221 | Orc:2    | Reached skill level 8 in Fighting
 16221 | Orc:2    | Gained mutation: You have sharp toenails. [demonic ancestry]
 16221 | Orc:2    | Reached XP level 12. HP: 31/92 MP: 7/15
 16233 | Orc:2    | HP: 13/92 [orc sorcerer/bolt of negative energy (25)]
 16383 | Orc:2    | Noticed an orc high priest
 16397 | Orc:2    | HP: 19/92 [orc knight/enchanted dire flail (12)]
 16398 | Orc:2    | Killed an orc high priest
 16697 | Orc:2    | Noticed an orc high priest
 16728 | Orc:2    | Killed an orc high priest
 17056 | Orc:2    | Reached ***** piety under Makhleb
 17060 | Orc:2    | Noticed an orc warlord
 17092 | Orc:2    | Killed an orc warlord
 17092 | Orc:2    | Reached skill level 9 in Fighting
 17241 | Orc:2    | Reached skill level 13 in Maces & Flails
 17241 | Orc:2    | Reached skill level 11 in Armour
 17272 | Orc:2    | Found Archagam's Antique Armour Shoppe.
 17273 | Orc:2    | Found Lucwe's Antique Weapon Emporium.
 17275 | Orc:2    | Found Wonauceam's General Store.
 17275 | Orc:2    | Found Muto's Jewellery Shoppe.
 17583 | Lair:1   | Killed a five-headed hydra
 18720 | Lair:3   | Reached skill level 10 in Fighting
 18740 | Lair:3   | Found a labyrinth entrance.
 18782 | Lab      | Entered a labyrinth
 19073 | Lab      | Noticed a minotaur
 19088 | Lab      | Killed a minotaur
 19088 | Lab      | Reached XP level 13. HP: 37/103 MP: 6/16
 19497 | Lair:3   | Found a staircase to the Snake Pit.
 19566 | Lair:3   | Noticed Snorg
 19870 | Lair:3   | Noticed Rupert
 19888 | Lair:3   | HP: 18/103 [Rupert/great sword of electrocution (15)]
 19892 | Lair:3   | Killed Rupert
 20586 | Lair:2   | Reached skill level 12 in Armour
 20926 | Lair:3   | Killed Snorg
 21162 | Lair:3   | Reached skill level 11 in Fighting
 21162 | Lair:3   | Reached skill level 14 in Maces & Flails
 21217 | Lair:4   | Found a staircase to the Swamp.
 21663 | Orc:2    | Bought the +8 whip "Snakebite" {curare, rPois} for 1626 gold pieces
 21663 | Orc:2    | Found the +8 whip "Snakebite" {curare, rPois}
 22464 | Lair:4   | Paralysed by a hornet for 3 turns
 23196 | Lair:5   | Found a staircase to the Slime Pits.
 23274 | Lair:5   | Reached skill level 6 in Invocations
 23388 | Lair:5   | Gained mutation: You have razor-sharp toenails. [demonic ancestry]
 23388 | Lair:5   | Reached XP level 14. HP: 108/114 MP: 16/18
 23506 | Lair:5   | Found a shadowy altar of Dithmenos.
 23713 | Lair:5   | Reached skill level 12 in Fighting
 23809 | Lair:5   | Identified a scroll of acquirement
 23812 | Lair:6   | Entered Level 6 of the Lair of Beasts
 23864 | Lair:6   | Reached skill level 7 in Invocations
 23879 | Lair:6   | Reached skill level 13 in Armour
 24425 | Lair:6   | Reached skill level 8 in Invocations
 24851 | Lair:6   | Reached ****** piety under Makhleb
 25134 | Lair:6   | HP: 29/116 [drowned by a drowned soul[a merfolk avatar] (13)]
 25136 | Lair:6   | Identified the Grimoire of the Shifting Frostbite
 25700 | D:10     | Entered Level 10 of the Dungeon
 25842 | D:10     | Reached skill level 9 in Invocations
 25993 | D:10     | Found Koyr's Jewellery Shoppe.
 26146 | D:11     | Noticed Nergalle
 26181 | D:11     | Killed Nergalle
 26908 | D:11     | Noticed Sonja
 26917 | D:11     | Killed Sonja
 27346 | D:11     | Upgraded the game from 0.22.0-18-ge075c0d to 0.22.0-21-g8bd1b0a
 27530 | D:12     | Reached skill level 13 in Fighting
 27530 | D:12     | Reached skill level 10 in Invocations
 27584 | D:12     | Found a frozen archway.
 27726 | IceCv    | Entered an ice cave
 28356 | IceCv    | Noticed a frost giant
 28400 | IceCv    | Killed a frost giant
 28400 | IceCv    | Reached skill level 14 in Armour
 28400 | IceCv    | Gained mutation: Your flesh is cold resistant. (rC+) [demonic ancestry]
 28400 | IceCv    | Reached XP level 15. HP: 109/124 MP: 15/23
 28586 | D:12     | Reached skill level 11 in Invocations
 30540 | D:14     | Found a gate to the Vaults.
 30855 | D:14     | Reached skill level 12 in Invocations
 31288 | D:14     | Reached skill level 14 in Fighting
 32001 | D:15     | Entered Level 15 of the Dungeon
 32231 | D:15     | Found Vojame's General Store.
 32355 | D:15     | Found Itwuthis's Magic Scroll Shop.
 32388 | D:15     | Noticed Agnes
 32399 | D:15     | Killed Agnes
 32689 | D:15     | Found a staircase to the Depths.
 33182 | D:15     | Reached skill level 13 in Invocations
 33225 | D:15     | Found Vaim's Armour Emporium.
 33341 | D:15     | Found Uruw's Antique Armour Shoppe.
 33758 | Swamp:1  | Entered Level 1 of the Swamp
 34529 | Swamp:1  | Reached skill level 15 in Armour
 34614 | Swamp:1  | Gained mutation: You are completely covered in slimy green scales. (AC +4, rPois) [demonic ancestry]
 34614 | Swamp:1  | Reached XP level 16. HP: 46/134 MP: 8/26
 35619 | Swamp:3  | Found a sacrificial altar of Ru.
 35773 | Swamp:3  | Noticed a thorn hunter
 35803 | Swamp:3  | Killed a thorn hunter
 35803 | Swamp:3  | Reached skill level 2 in Shields
 36043 | Swamp:3  | Noticed a thorn hunter
 36073 | Swamp:3  | Killed a thorn hunter
 36073 | Swamp:3  | Reached skill level 14 in Invocations
 36367 | Swamp:2  | Reached skill level 3 in Shields
 36540 | Swamp:3  | Reached skill level 15 in Fighting
 37264 | Snake:1  | Entered Level 1 of the Snake Pit
 37283 | Snake:1  | Found Ownar's Weapon Shoppe.
 37504 | Snake:1  | Found Efraseil's Jewellery Shop.
 37524 | Snake:1  | Found Ettih's Magic Scroll Boutique.
 37531 | Snake:1  | Identified the +4 lajatang of Ligh {protect, rElec rF- Int+4} (You found it on level 1 of the Snake Pit)
 37540 | Snake:1  | Bought a +5 ring of slaying for 1591 gold pieces
 38411 | Snake:1  | HP: 22/136 [shock serpent/bolt of electricity (24)]
 38411 | Snake:1  | HP: 5/136 [shock serpent/bolt of electricity (17)]
 38852 | Snake:2  | Reached skill level 4 in Shields
 39604 | Snake:2  | Reached skill level 15 in Invocations
 40371 | Snake:3  | Found Zeax's Book Shoppe.
 40446 | Snake:3  | Found Ciav's Assorted Antiques.
 40628 | Snake:3  | Found Juotesos's Book Shoppe.
 40819 | Snake:3  | Reached skill level 16 in Armour
 40919 | Snake:3  | Reached XP level 17. HP: 132/144 MP: 24/28
 41393 | Snake:3  | Reached skill level 16 in Fighting
 41873 | Snake:3  | Reached skill level 1 in Evocations
 42422 | Swamp:4  | Entered Level 4 of the Swamp
 42484 | Swamp:4  | Reached skill level 2 in Evocations
 42539 | Swamp:3  | HP: 39/144 [spiny frog[a spriggan druid] (18)]
 42545 | Swamp:3  | HP: 20/144 [seven-headed hydra[a spriggan druid] (1)]
 42558 | Swamp:3  | HP: 39/144 [swamp dragon[a spriggan druid] (7)]
 42822 | Swamp:3  | Reached skill level 3 in Evocations
 43216 | Swamp:4  | Reached skill level 4 in Evocations
 43267 | Swamp:4  | Got a decaying rune of Zot
 43333 | Swamp:4  | Reached skill level 16 in Invocations
 43472 | Swamp:4  | Reached skill level 1 in Dodging
 43547 | Swamp:4  | Reached skill level 5 in Evocations
 44054 | Swamp:4  | Reached skill level 2 in Dodging
 44478 | Snake:4  | Entered Level 4 of the Snake Pit
 44716 | Snake:4  | Reached skill level 3 in Dodging
 44845 | Snake:4  | Reached skill level 6 in Evocations
 44856 | Snake:4  | Found Ajaa's Armour Shop.
 45231 | Snake:4  | Reached skill level 4 in Dodging
 45699 | Snake:4  | Reached skill level 7 in Evocations
 46213 | Snake:4  | Reached skill level 5 in Dodging
 46684 | Snake:4  | Reached skill level 8 in Evocations
 46983 | Snake:4  | Reached skill level 6 in Dodging
 47305 | Snake:4  | Gained mutation: You have claws for feet. [demonic ancestry]
 47305 | Snake:4  | Reached XP level 18. HP: 141/151 MP: 19/30
 47496 | Snake:4  | Learned a level 1 spell: Apportation
 47498 | Snake:4  | Learned a level 1 spell: Animate Skeleton
 47501 | Snake:4  | Learned a level 2 spell: Blink
 47505 | Snake:4  | Learned a level 3 spell: Regeneration
 47509 | Snake:4  | Learned a level 3 spell: Spectral Weapon
 47718 | Snake:4  | Reached skill level 9 in Evocations
 47841 | Snake:4  | Reached skill level 7 in Dodging
 48253 | Snake:4  | Got a serpentine rune of Zot
 48654 | Vaults:1 | Entered Level 1 of the Vaults
 48692 | Vaults:1 | Reached skill level 8 in Dodging
 48692 | Vaults:1 | Reached skill level 10 in Evocations
 48733 | Vaults:1 | Found Pipn's Armour Emporium.
 48831 | Vaults:1 | Reached skill level 1 in Translocations
 49206 | Vaults:1 | Reached skill level 2 in Translocations
 49287 | Vaults:1 | Found a ruined gateway.
 49296 | Desolati | Entered the Desolation of Salt
 49349 | Desolati | Reached skill level 3 in Translocations
 49508 | Desolati | Reached skill level 9 in Dodging
 49549 | Desolati | Reached skill level 4 in Translocations
 49556 | Desolati | HP: 34/151 [servant of whispers/bolt of lightning (15)]
 49557 | Desolati | HP: 9/151 [saltling (13)]
 49874 | Desolati | Got an ancient copper ring
 49890 | Desolati | Identified the ring "Bimueh" {*Tele rN+ MP+9 Int+2} (You found it in the Desolation of Salt)
 50033 | Desolati | Reached skill level 5 in Translocations
 50368 | Desolati | HP: 28/151 [crystal guardian/crystal bolt[a halazid warlock] (18)]
 50378 | Desolati | HP: 21/151 [peacekeeper (5)]
 50380 | Desolati | HP: 5/151 [saltling (13)]
 50587 | Desolati | Reached skill level 10 in Dodging
 50710 | Desolati | Reached skill level 6 in Translocations
 50934 | Desolati | Gained mutation: You frequently emit foul miasma when damaged in melee. [demonic ancestry]
 50934 | Desolati | Reached XP level 19. HP: 156/157 MP: 26/31
 51553 | Desolati | Identified the +1 ring mail of Immorality {rElec} (You found it in the Desolation of Salt)
 52058 | Vaults:1 | Reached skill level 7 in Translocations
 52230 | Vaults:1 | Reached skill level 11 in Dodging
 52399 | Vaults:1 | Reached skill level 8 in Translocations
 53155 | Vaults:1 | HP: 46/157 [yaktaur captain (16)]
 53158 | Vaults:1 | HP: 17/157 [slime creature (8)]
 53163 | Vaults:1 | HP: 20/157 [yaktaur captain (5)]
 53544 | Vaults:1 | Found the +7 sceptre of Torment
 53626 | Vaults:1 | Noticed Nikola
 53651 | Vaults:1 | Killed Nikola
 54047 | Vaults:2 | Reached skill level 9 in Translocations
 54154 | Vaults:2 | Reached skill level 12 in Dodging
 54246 | Vaults:2 | Reached skill level 1 in Necromancy
 54408 | Vaults:1 | Reached skill level 1 in Spellcasting
 54408 | Vaults:1 | Reached skill level 1 in Charms
 54614 | Vaults:1 | Reached skill level 2 in Necromancy
 54677 | Vaults:2 | Noticed Mara
 54679 | Vaults:2 | Noticed Frederick
 55059 | Vaults:2 | Noticed Gorice's illusion
 55061 | Vaults:2 | HP: 32/157 [Mara (illusionary)/bolt of fire (22)]
 55477 | Vaults:2 | Reached skill level 2 in Spellcasting
 55477 | Vaults:2 | Reached skill level 2 in Charms
 55837 | Vaults:2 | Reached skill level 3 in Necromancy
 55964 | Vaults:2 | Killed Frederick
 56053 | Vaults:2 | Found a staircase to the Crypt.
 56053 | Vaults:2 | Found an ancient bone altar of Kikubaaqudgha.
 56054 | Vaults:2 | Found a basalt altar of Yredelemnul.
 56253 | Vaults:2 | Reached skill level 3 in Spellcasting
 56260 | Vaults:2 | Reached skill level 3 in Charms
 56305 | Vaults:2 | Noticed Margery
 56326 | Vaults:2 | Killed Margery
 56326 | Vaults:2 | Reached skill level 4 in Necromancy
 56326 | Vaults:2 | Reached XP level 20. HP: 92/164 MP: 13/32
 56864 | Vaults:2 | Reached skill level 10 in Translocations
 57038 | Vaults:3 | Noticed Asterion
 57051 | Vaults:3 | Killed Asterion
 57051 | Vaults:3 | Reached skill level 1 in Hexes
 57187 | Vaults:3 | Reached skill level 4 in Spellcasting
 57197 | Vaults:3 | Reached skill level 4 in Charms
 57233 | Vaults:3 | Reached skill level 2 in Hexes
 57234 | Vaults:3 | Reached skill level 5 in Necromancy
 57303 | Vaults:3 | HP: 40/164 [shadow dragon/bolt of negative energy (18)]
 57309 | Vaults:3 | HP: 20/164 [sphinx (4)]
 57319 | Vaults:3 | HP: 38/164 [shadow dragon (2)]
 57902 | Vaults:3 | Reached skill level 3 in Hexes
 58695 | Vaults:4 | Reached skill level 5 in Spellcasting
 58695 | Vaults:4 | Reached skill level 5 in Charms
 58695 | Vaults:4 | Reached skill level 6 in Necromancy
 58927 | Vaults:3 | Reached skill level 4 in Hexes
 59399 | Vaults:4 | Reached skill level 7 in Necromancy
 59492 | Vaults:4 | Cast into level 2 of the Abyss (a deep elf demonologist)
 59631 | Abyss:3  | Reached skill level 5 in Hexes
 59893 | Abyss:3  | Reached skill level 6 in Spellcasting
 59898 | Abyss:3  | Reached skill level 6 in Charms
 60079 | Abyss:3  | HP: 38/131 [thrashing horror (5)]
 60080 | Abyss:3  | Slain by a large abomination

Skill      XL: |  1  2  3  4  5  6  7  8  9 10 11 12 13 14 15 16 17 18 19 20 |
---------------+-------------------------------------------------------------+-----
Fighting       | 4 5 8 10 11 13 14 15 16 | 16.0
Armour         | 2 3 4 6 7 9 10 11 12 14 15 16 | 16.0
Maces & Flails | 2 4 5 7 10 11 12 13 14 | 14.0
Invocations    | 5 6 10 13 15 16 | 16.0
Shields        | 4 |  4.0
Evocations     | 8 10 | 10.0
Dodging        | 6 10 12 | 12.0
Translocations | 6 9 10 | 10.0
Necromancy     | 4 7 |  7.4
Spellcasting   | 3 6 |  6.1
Charms         | 3 6 |  6.1
Hexes          | 5 |  5.3
Bows           | |  1.0
Stealth        | |  1.0
Unarmed Combat | |  2.6

Action                   |  1- 3 |  4- 6 |  7- 9 | 10-12 | 13-15 | 16-18 | 19-21 || total
-------------------------+-------+-------+-------+-------+-------+-------+-------++-------
Melee: Dagger            |   311 |   196 |       |       |       |       |       ||   507
       Flail             |       |   181 |   579 |       |       |       |       ||   760
       Dire flail        |       |       |    15 |  1356 |   301 |       |       ||  1672
       Whip              |       |       |       |       |  2007 |  2722 |  1421 ||  6150
       Punch             |       |       |       |       |    15 |     1 |       ||    16
       Kick              |       |       |       |       |       |   435 |   687 ||  1122
Throw: Stone             |    10 |     7 |    11 |     2 |       |       |       ||    30
       Tomahawk          |       |     5 |    30 |    66 |    33 |       |       ||   134
       Throwing net      |       |       |       |       |     1 |       |       ||     1
       Javelin           |       |       |       |       |    10 |     6 |       ||    16
 Cast: Apportation       |       |       |       |       |       |       |     1 ||     1
       Regeneration      |       |       |       |       |       |       |     1 ||     1
Invok: Lesser Servant of |       |       |       |     9 |     4 |    15 |    12 ||    40
       Major Destruction |       |       |       |       |       |     2 |       ||     2
       Greater Servant o |       |       |       |       |       |       |     1 ||     1
Evoke: Wand              |       |       |    23 |     6 |     8 |    12 |     2 ||    51
  Use: Scroll            |     6 |    12 |     6 |     7 |    12 |    14 |     3 ||    60
       Potion            |     1 |       |     2 |     8 |     3 |    11 |     1 ||    26
 Stab: Confused          |       |       |     6 |       |       |       |       ||     6
       Distracted        |       |       |       |    13 |    10 |    15 |    10 ||    48
       Invisible         |       |       |       |     3 |       |     4 |       ||     7
       Paralysed         |       |       |       |       |     5 |    11 |       ||    16
  Eat: Chunk             |     7 |    11 |    11 |    33 |    43 |    38 |    26 ||   169
       Ration            |       |       |     5 |       |     3 |     5 |     1 ||    14
Armor: Robe              |    17 |       |       |       |       |       |       ||    17
       Ring mail         |    73 |    73 |       |       |       |       |       ||   146
       Skin              |    21 |       |    34 |       |       |       |       ||    55
       Chain mail        |       |   156 |   243 |       |       |       |       ||   399
       Plate armour      |       |       |   174 |   715 |  1089 |  1323 |   478 ||  3779
Dodge: Dodged            |    64 |    84 |    97 |   291 |   534 |   812 |   391 ||  2273
Block: Shield            |    98 |   142 |   280 |       |       |       |       ||   520
       Buckler           |       |       |       |       |       |   562 |   224 ||   786
       Reflection        |       |       |       |       |       |    45 |    23 ||    68

Table legend:
 A = Turns spent in this place as a percentage of turns spent in the entire game.
 B = Non-inter-level travel turns spent in this place as a percentage of non-inter-level travel turns spent in the entire game.
 C = Inter-level travel turns spent in this place as a percentage of turns spent in this place.
 D = Turns resting spent in this place as a percentage of non-inter-level travel turns spent in this place.
 E = Turns spent auto-exploring this place as a percentage of non-inter-level travel turns spent in this place.
 F = Non-inter-level travel turns spent in this place divided by the number of levels of this place that you've seen.
                   A       B       C       D       E      F
               +-------+-------+-------+-------+-------+----------------------
         Total | 100.0 | 100.0 |   6.8 |  27.9 |  26.2 | 1366.3
       Dungeon |  35.3 |  34.9 |   7.8 |  29.6 |  32.7 | 1302.1
        Temple |   0.2 |   0.2 |  19.2 |   0.0 |  77.1 | 105.0
          Lair |  15.0 |  14.3 |  11.4 |  26.0 |  27.3 | 1333.0
         Swamp |   8.8 |   8.8 |   5.9 |  26.8 |  36.6 | 1237.0
     Snake Pit |  15.0 |  15.5 |   3.6 |  31.9 |  29.3 | 2171.0
  Orcish Mines |   5.5 |   5.4 |   7.1 |  19.8 |  18.9 | 1520.5
        Vaults |  12.7 |  12.7 |   6.3 |  24.5 |  12.7 | 1784.2
         Abyss |   1.0 |   1.0 |   0.0 |  34.0 |   0.0 | 294.0
     Labyrinth |   0.9 |   1.0 |   0.0 |  36.6 |   0.0 | 546.0
      Ice Cave |   1.4 |   1.5 |   0.0 |   6.7 |   0.0 | 839.0
    Desolation |   4.3 |   4.6 |   0.0 |  32.9 |   8.0 | 2601.0
               +-------+-------+-------+-------+-------+----------------------

Vault maps used:
D:1:      minmay_arrival_radiant_lines, minmay_misc_feat_columns
D:2:      lemuel_old_faithful
D:3:      first_ration
D:4:      lemuel_doored_altar, led_sif_pool
D:5:      serial_shops, shop, hangedman_abyss_or_decor_lesser_grid
D:6:      basic_altar, uniq_menkaure
D:7:      temple_green
D:8:      erik_lair_island, serial_shops, shop, hangedman_little_slice_of_home
D:9:      david_orc_2, uniq_erica
D:10:     serial_shops, nicolae_shop_statue_plus
D:11:     minmay_beelzebubs_servants, uniq_nergalle, uniq_sonja
D:12:     portal_ice_cave_entry_ice_beasts, serial_bayou_pond_b
D:13:     serial_glass, glass_columns_c, glass_columns_a, lemuel_freeze_loot_1
D:14:     hangedman_vaults_entry_quadrant_bands,
          minmay_staircase_windowed_large, patterned_corridor
D:15:     grunt_enter_depths_hoard, serial_shops, nicolae_shop_waterfront,
          shop_statue, nicolae_shop_waterfront, nicolae_shop_trees,
          minivault_14, uniq_agnes
Temple:   kilobyte_greek_temple
Lair:1:   beast_lair_carwin_large_2, infiniplex_staircase_pool,
          grunt_megastairs_4, minmay_lair_oklob_chamber
Lair:2:   beast_lair_carwin_5
Lair:3:   minmay_snake_entry_guardpost_medium, lab_entry_generic,
          forest_entry_grove, uniq_snorg, uniq_rupert
Lair:4:   cheibrodos_lair_overgrown_chateau, swamp_mist_pool, grunt_megastairs_5
Lair:5:   nicolae_slime_entry_slimehenge, basic_altar,
          grunt_forest_stairs_clearing, serial_bayou_shore_a
Lair:6:   gammafunk_lair_ancient_temple, lemuel_fruit_tree
Swamp:1:  hangedman_swamp_ruin_hall, swamp_pool4,
          nicolae_swamp_oklob_treasure_island
Swamp:2:  nicolae_swamp_round_clearing, cheibrodos_swamp_kobolds
Swamp:3:  nicolae_swamp_godswood
Swamp:4:  swamp_alternative, swamp_pool2
Snake:1:  serial_shops, shop, special_room, grunt_ministairs_6, minmay_shoptagon
Snake:2:  minmay_snake_river, statue_in_the_mist_lemuel
Snake:3:  onia_ninara_swampy_vault, serial_shops, shop,
          nicolae_shop_statue_plus, nicolae_shop_overgrown_old_shop
Snake:4:  snake_pit_salamanders_mu, serial_shops, shop_statue
Orc:2:    st_orc_congregation, serial_shops, shop_fountains, roderic_batcave
Vaults:1: v_misc_4, st_octagons_2, nicolae_vaults_puzzle_piece,
          hangedman_vaults_trim, v_misc_30, nicolae_vaults_what_the_h,
          ontoclasm_vaults_loading_screen, nicolae_vaults_rhombus_6,
          vaults_mumra_hexcomb, nicolae_vaults_little_squares_2,
          portal_desolation_entry_garden, serial_shops,
          nicolae_shop_competitors_out_of_business, uniq_nikola
Vaults:2: hangedman_vaults_stitches, minmay_crypt_entry_necro_gods, v_rooms_5,
          v_pattern_4, vaults_room_pools, ontoclasm_vaults_chip, uniq_mara,
          uniq_margery, uniq_frederick
Vaults:3: hangedman_vaults_locks, nicolae_vaults_rhombus_6,
          nicolae_vaults_little_squares_6, nicolae_vaults_mini_display_case,
          v_rooms_5, nicolae_vaults_three_branches, hangedman_vaults_slice,
          ontoclasm_vaults_shuriken, v_misc_33, st_diamondy, v_misc_19,
          uniq_asterion
Vaults:4: vaults_standard_mumra_lines, nicolae_vaults_angled_halls,
          vaults_room_corners, st_greater_box_2, nicolae_vaults_border_crossing,
          vaults_room_corners, vaults_standard_mumra_x, v_rooms_6,
          grunt_vaults_diagonal, hangedman_vaults_corner_blocks,
          nicolae_vaults_theta, grunt_vaults_bifocal,
          ontoclasm_vaults_decontamination, uniq_xtahua
Abyss:3:  evilmike_abyss_rune_siren_acolytes
Lab:      labyrinth_mini_lab, nicolae_lab_quarters, labyrinth_lava_lair
IceCv:    ice_cave_caverns_02
